 Dungeon Crawl Stone Soup version 0.28-a0-998-gb9e9c7b67e (webtiles) character file.

Game seed: 17102545145956242120

193 Armakuni the Skirmisher (level 5, -3/32 HPs)
             Began as a Deep Elf Fighter on Dec 5, 2021.
             Slain by an ogre (26 damage)
             ... on level 4 of the Dungeon.
             The game lasted 00:05:15 (3706 turns).

Armakuni the Skirmisher (Deep Elf Fighter)          Turns: 3706, Time: 00:05:16

Health: -3/32      AC:  6    Str: 15    XL:     5   Next: 43%
Magic:  7/7        EV: 10    Int: 13    God:
Gold:   81         SH:  7    Dex: 14    Spells: 4/4 levels left

rFire   . . .      SeeInvis .   b - +0 dagger (venom)
rCold   . . .      Faith    .   c - +2 buckler
rNeg    . . .      Spirit   .   k - +0 scale mail
rPois   .          Reflect  .   (no helmet)
rElec   .          Harm     .   (no cloak)
rCorr   .          Rampage  .   (no gloves)
Will    .....                   (no boots)
Stlth   ..........              (no amulet)
HPRegen 0.10/turn               (no ring)
MPRegen 0.10/turn               (no ring)

@: no status effects
A: no striking features
a: no special abilities


You were on level 4 of the Dungeon.
You visited 1 branch of the dungeon, and saw 4 of its levels.
You also visited: Sewer.

You collected 81 gold pieces.

Inventory:

Hand Weapons
 a - a +0 vorpal rapier
 b - a +0 dagger of venom (weapon)
Armour
 c - a +2 buckler (worn)
 k - a +0 scale mail (worn)
Scrolls
 e - a scroll of immolation
 h - a scroll of identify
 j - a scroll of teleportation {unknown}
Potions
 d - a potion of might
 f - 2 potions of flight
 g - a potion of curing {unknown}
 i - 2 potions of heal wounds


   Skills:
 + Level 3.3 Fighting
 + Level 3.3 Short Blades
 - Level 2.4 Armour
 - Level 3.0 Dodging
 + Level 3.1 Shields


You had 4 spell levels left.
You didn't know any spells.
Your spell library was empty.

Dungeon Overview and Level Annotations

Branches:
Dungeon (4/15)              Sewer (visited)
 Temple: D:4-7

Altars:
Gozag

Shops:
D:3 (


Message History

Found 25 stones.
You see here 18 stones.
You see here 17 stones.
Found 25 stones.
Found 26 stones.
Found 13 stones.
You see here 13 stones.
You see here 13 stones.
You see here 25 stones.
You see here 26 stones.
There is a stone staircase leading down here.
You open the door.
There is an open door here.
You now have 81 gold pieces (gained 7).
Found a stone staircase leading down.
There is an escape hatch in the floor here.
Done exploring.
Done exploring.
There is a stone staircase leading down here.
You climb downwards.
There is a stone staircase leading up here.
An ogre comes into view. It is wielding a +0 giant club.
Found a stone staircase leading down.
The ogre shouts!
Your +0 dagger of venom begins to drip with poison!
b - a +0 dagger of venom (weapon)
You aren't carrying any items that you can evoke.
You hit the ogre.
The ogre is poisoned.
The ogre is lightly wounded.
You block the ogre's attack.
You hit the ogre.
The ogre is moderately wounded.
You hit the ogre but do no damage.
The ogre looks even sicker.
The ogre is moderately wounded.
The ogre hits you with a +0 giant club!
You hit the ogre.
The ogre looks as sick as possible!
The ogre is severely wounded.
The ogre hits you with a +0 giant club!!
Ouch! That really hurt!
You die...

#.# .....# #.#
...#.# #.#
..... #.#
######..#####
#.#
#............
#.#
###.####.#####.
#.# #...# .#
#.# #O### .#
#.# #@# ..
#.###.# .#
#.....# .#
####### .#


You could see an ogre (extremely poisoned).

Vanquished Creatures
  A kobold brigand (Sewer)
  A centaur skeleton (D:3)
  An adder (D:1)
  A river rat (Sewer)
  A worm (D:2)
  2 dart slugs
  5 orcs
  9 ball pythons
  A bat (D:2)
  8 endoplasms
  2 giant cockroaches
  5 goblins
  2 hobgoblins (D:2)
  5 jackals
  10 kobolds
  A frilled lizard (D:3)
  11 rats
66 creatures vanquished.

Vanquished Creatures (others)
  3 plants (D:3)
3 creatures vanquished.

Grand Total: 69 creatures vanquished

Notes
Turn   | Place    | Note
-------+----------+-------------------------------------------
     0 | D:1      | Armakuni the Deep Elf Fighter began the quest for the Orb.
     0 | D:1      | Reached XP level 1. HP: 13/13 MP: 3/3
   140 | D:1      | Reached skill level 1 in Dodging
   298 | D:1      | Reached XP level 2. HP: 18/18 MP: 4/4
   605 | D:1      | Found a faded altar of an unknown god.
  1362 | D:2      | Reached XP level 3. HP: 20/22 MP: 5/5
  2531 | D:3      | Reached XP level 4. HP: 24/25 MP: 6/6
  2644 | D:3      | Found a glowing drain.
  2660 | Sewer    | Entered a sewer
  2720 | Sewer    | Noticed a kobold brigand
  2760 | Sewer    | Killed a kobold brigand
  2761 | Sewer    | Reached XP level 5. HP: 23/32 MP: 7/7
  2866 | Sewer    | Found a white marble altar of Elyvilon.
  3019 | D:3      | Found Pudull's Weapon Shoppe.
  3064 | D:3      | Found an opulent altar of Gozag.
  3692 | D:4      | Noticed an ogre
  3706 | D:4      | Slain by an ogre

Illustrated notes

Levels and vault maps discovered:
D:1:      lemuel_arrival_rhombus, layout_loops_ring,
          shapermc_ecumenical_altar_mp_urbaneastern
D:2:      layout_loops_ring, minmay_split_cup_small
D:3:      layout_basic, nicolae_gozag_seed_capital,
          cheibrodos_sewer_entry_drain, serial_shops, shop,
          roderic_three_in_a_row, guppyfry_early_lair_pool
D:4:      layout_basic, hex_intersection, serial_park_tiny_pond, uniq_natasha

Skill      XL: |  1  2  3  4 |
---------------+-------------+-----
Dodging        | 1 2 3 |  3.0
Fighting       | 3 |  3.3
Short Blades   | 3 |  3.3
Shields        | 3 |  3.1
Armour         | |  2.4

Action                   |  1- 3 |  4- 6 || total
-------------------------+-------+-------++-------
Melee: Rapier            |   112 |    74 ||   186
       Dagger            |       |     4 ||     4
  Use: Scroll            |     7 |       ||     7
       Potion            |       |     1 ||     1
Armor: Scale mail        |    33 |    24 ||    57
Dodge: Dodged            |    36 |    19 ||    55
Block: Buckler           |    20 |    19 ||    39

Table legend: (Time is in decaauts)
 A = Elapsed time spent in this place.
 B = Non-inter-level travel time spent in this place.
 C = Inter-level travel time spent in this place.
 D = Time resting spent in this place.
 E = Time spent auto-exploring this place.
 F = Levels seen in this place.
 G = Mean time per level.
                   A        B        C        D        E       F      G
               +--------+--------+--------+--------+--------+-----+--------+
         Total |   3757 |   3652 |    105 |    445 |   2607 |   5 |  751.4 |
       Dungeon |   3476 |   3371 |    105 |    445 |   2415 |   4 |  869.0 |
         Sewer |    280 |    280 |      0 |      0 |    192 |   1 |  280.0 |
               +--------+--------+--------+--------+--------+-----+--------+

Top non-repeatable levels by time:
     D:1: 1496 daAuts
     D:2: 1046 daAuts
     D:3: 893 daAuts
   Sewer: 280 daAuts
     D:4: 39 daAuts
